 Dungeon Crawl Stone Soup version 0.29-a0-819-g94b489e0ae (webtiles) character file.

Game seed: 9631546738752443484

72 porpoise the Sneak (level 4, -1/37 HPs)
             Began as a Demonspawn Delver on July 7, 2022.
             Slain by a gnoll
             ... wielding a +0 halberd
              (15 damage)
             ... on level 4 of the Dungeon.
             The game lasted 00:04:05 (952 turns).

porpoise the Sneak (Demonspawn Delver)               Turns: 952, Time: 00:04:06

Health: -1/37      AC:  4    Str: 14    XL:     4   Next: 6%
Magic:  4/4        EV: 12    Int: 12    God:
Gold:   0          SH:  4    Dex: 14    Spells: 3/3 levels left

rFire   . . .      SeeInvis .   a - +0 spear
rCold   . . .      Faith    .   (no shield)
rNeg    . . .      Spirit   .   b - +0 leather armour
rPois   .          Reflect  .   (no helmet)
rElec   .          Harm     .   h - +0 cloak
rCorr   .          Rampage  .   (no gloves)
Will    .....                   (no boots)
Stlth   +++.......              (no amulet)
HPRegen 0.12/turn               (no ring)
MPRegen 0.09/turn               (no ring)

@: no status effects
A: claws 1, condensation shield, weakness stinger 1
a: no special abilities


You were on level 4 of the Dungeon.
You visited 1 branch of the dungeon, and saw 2 of its levels.

Inventory:

Hand Weapons
 a - a +0 spear (weapon)
Armour
 b - a +0 leather armour (worn)
 h - a +0 cloak (worn)
Wands
 g - a wand of digging (3)
Scrolls
 c - a scroll of fog
 d - a scroll of magic mapping
 e - a scroll of fear
Potions
 f - a potion of haste
 i - a potion of magic {unknown}


   Skills:
 + Level 3.6 Fighting
 - Level 2.0 Polearms
 - Level 2.0 Dodging
 - Level 4.6 Stealth
 * Level 2.1 Unarmed Combat


You had 3 spell levels left.
You didn't know any spells.
Your spell library was empty.

Dungeon Overview and Level Annotations

Branches:
Dungeon (5/15)
 Temple: D:4-7

Altars:

Annotations:
D:5 Pikel


Innate Abilities, Weirdness & Mutations

You have sharp fingernails.
A meltable shield of frost defends you. (SH +4)
You have a small tail.


Message History

The hound is almost dead.
The hound barely misses you. The hound closely misses you.
You hit the hound.
You kill the hound!
Your Unarmed Combat skill increases to level 2!
You have reached level 4!
You feel clever.
Your demonic ancestry asserts itself...
Frost condenses into a shield before you.
You start resting.
HP restored.
Items here: ))) [[.
There is a stone staircase leading up, spattered with blood here.
You climb upwards.
There is a stone staircase leading down here.
Unknown command.
The gnoll shouts!
You reach to attack!
You hit the gnoll.
The gnoll is moderately wounded.
The gnoll misses you.
You reach to attack!
You hit the gnoll but do no damage.
The gnoll is moderately wounded.
The gnoll misses you.
You reach to attack!
You hit the gnoll but do no damage.
The gnoll is moderately wounded.
The gnoll hits you from afar with a +0 halberd!
You reach to attack!
You hit the gnoll.
The gnoll is severely wounded.
The gnoll barely misses you.
You reach to attack!
You barely miss the gnoll.
The gnoll is severely wounded.
The gnoll hits you from afar with a +0 halberd!
You are too injured to fight recklessly!
You are too injured to fight recklessly!
Reach: a) +0 spear
Press: ? - help, Dir - move target, f/p - gnoll
Aim: a gnoll, wielding a +0 halberd (severely wounded, about 34% to evade your +0 spear)
You reach to attack!
You barely miss the gnoll.
The gnoll is severely wounded.
The gnoll hits you from afar with a +0 halberd!
You die...

##############
#............#
#..^........>#
#............#
#............#
#.......g.@..#
.......###########
.......# .......#
.......# .......
#######


You could see a gnoll.

Vanquished Creatures
  A hound (D:5)
  3 adders (D:5)
  A dart slug (D:5)
  5 orcs (D:5)
10 creatures vanquished.

Notes
Turn   | Place    | Note
-------+----------+-------------------------------------------
     0 | D:5      | porpoise the Demonspawn Delver began the quest for the Orb.
     0 | D:5      | Reached XP level 1. HP: 18/18 MP: 1/1
    29 | D:5      | Discovered your monstrous ancestry.
    29 | D:5      | Gained mutation: You have sharp fingernails. [demonic
                  | ancestry]
    29 | D:5      | Reached XP level 2. HP: 24/24 MP: 2/2
   441 | D:5      | Reached skill level 1 in Unarmed Combat
   459 | D:5      | Gained mutation: You have a small tail. [demonic ancestry]
   459 | D:5      | Reached XP level 3. HP: 19/29 MP: 3/3
   591 | D:5      | Noticed Pikel
   676 | D:5      | Gained mutation: A meltable shield of frost defends you.
                  | (SH +4) [demonic ancestry]
   676 | D:5      | Reached XP level 4. HP: 10/37 MP: 4/4
   952 | D:4      | Slain by a gnoll

Illustrated notes

Levels and vault maps discovered:
D:4:      layout_gridville, minmay_bent
D:5:      layout_loops_ring, zin_treasury, minmay_temple_entry_junction,
          uniq_pikel

Skill      XL: |  1  2  3 |
---------------+----------+-----
Polearms       | 2 |  2.0
Dodging        | 2 |  2.0
Unarmed Combat | 1 2 |  2.1
Fighting       | |  3.6
Stealth        | |  4.6

Action                   |  1- 3 |  4- 6 || total
-------------------------+-------+-------++-------
Melee: Spear             |    68 |     6 ||    74
       Tailslap          |     4 |       ||     4
 Stab: Sleeping          |     2 |       ||     2
       Distracted        |     1 |       ||     1
Armor: Leather armour    |    13 |       ||    13
Dodge: Dodged            |    32 |     3 ||    35

Table legend: (Time is in decaauts)
 A = Elapsed time spent in this place.
 B = Non-inter-level travel time spent in this place.
 C = Inter-level travel time spent in this place.
 D = Time resting spent in this place.
 E = Time spent auto-exploring this place.
 F = Levels seen in this place.
 G = Mean time per level.
                   A        B        C        D        E       F      G
               +--------+--------+--------+--------+--------+-----+--------+
         Total |    952 |    952 |      0 |    583 |     14 |   2 |  476.0 |
       Dungeon |    952 |    952 |      0 |    583 |     14 |   2 |  476.0 |
               +--------+--------+--------+--------+--------+-----+--------+

Top non-repeatable levels by time:
     D:5: 892 daAuts
     D:4: 60 daAuts
